 Dungeon Crawl Stone Soup version 0.21.1-35-gfefc1aa2bb (webtiles) character file.

655 IceCat the Magician (level 7, -3/37 HPs)
             Began as a Deep Elf Fire Elementalist on Aug 1, 2018.
             Was an Initiate of Vehumet.
             Killed from afar by an orc wizard (9 damage)
             ... with a magic dart
             ... on level 5 of the Dungeon.
             The game lasted 00:18:31 (3625 turns).

IceCat the Magician (Deep Elf Fire Elementalist)    Turns: 3625, Time: 00:18:32

Health: -3/37      AC:  2    Str:  5    XL:     7   Next: 29%
Magic:  7/27       EV: 14    Int: 22    God:    Vehumet [......]
Gold:   201        SH:  0    Dex: 20    Spells: 10/18 levels left

rFire    . . .     SeeInvis .   e - +0 short sword
rCold    . . .     Gourm    .   (no shield)
rNeg     . . .     Faith    .   a - +0 robe
rPois    .         Spirit   .   (no helmet)
rElec    .         Reflect  .   (no cloak)
rCorr    .         Harm     .   (no gloves)
MR       .....                  (no boots)
Stlth    +.........             (no amulet)
HPRegen  0.12/turn              v - ring of magical power
MPRegen  0.20/turn              s - +5 ring of dexterity

@: confused
A: no striking features
a: Renounce Religion


You were on level 5 of the Dungeon.
You worshipped Vehumet.
Vehumet was noncommittal.
You were not hungry.

You visited 2 branches of the dungeon, and saw 6 of its levels.

You collected 201 gold pieces.

Inventory:

Hand Weapons
 e - a +0 short sword (weapon)
Armour
 a - a +0 robe (worn)
Jewellery
 d - an uncursed ring of see invisible
 s - a +5 ring of dexterity (right hand)
 v - a ring of magical power (left hand)
Scrolls
 f - a scroll of fog {unknown}
 g - a scroll of amnesia {unknown}
 h - a scroll of enchant armour {unknown}
 i - 2 scrolls of magic mapping {unknown}
 k - a scroll of random uselessness {unknown}
 m - 2 scrolls of teleportation {unknown}
 o - 4 scrolls of identify {unknown}
 r - 2 scrolls of remove curse {unknown}
 x - 2 scrolls of fear {unknown}
 y - a scroll of enchant weapon {unknown}
Potions
 j - a potion of agility {unknown}
 l - a potion of flight {unknown}
 n - a potion of haste {unknown}
 p - 3 potions of might {unknown}
 q - 3 potions of curing {unknown}
 t - a potion of brilliance {unknown}
 u - a potion of heal wounds {unknown}
 w - a potion of berserk rage {unknown}
 z - a potion of degeneration {unknown}
Books
 b - a book of Flames

   Spells                             Type                      Level
   a - Flame Tongue                   Conjuration/Fire             1
   b - Throw Flame                    Conjuration/Fire             2
   c - Conjure Flame                  Conjuration/Fire             3
   d - Inner Flame                    Hexes/Fire                   3
   e - Sticky Flame                   Conjuration/Fire             4
   f - Fireball                       Conjuration/Fire             5
Comestibles
 c - 3 rations


   Skills:
 + Level 0.4 Fighting
 + Level 3.0 Dodging
 + Level 3.1 Stealth
 + Level 6.4 Spellcasting
 + Level 4.4 Conjurations
 + Level 6.0 Fire Magic


You had 10 spell levels left.
You knew the following spells:

 Your Spells              Type           Power        Failure   Level  Hunger
a - Flame Tongue          Conj/Fire      ####.        1%          1    None
b - Throw Flame           Conj/Fire      ####..       1%          2    None
c - Fireball              Conj/Fire      ####......   28%         5    #####..


Dungeon Overview and Level Annotations

Branches:
Dungeon (5/15)             Temple (1/1) D:4

Altars:
Cheibriados
Dithmenos
Elyvilon
Fedhas
Gozag
Hepliaklqana
Makhleb
Nemelex Xobeh
Qazlal
Ru
Sif Muna
Trog
Uskayaw
Vehumet
Wu Jian
Xom
Yredelemnul
Zin
The Shining One


Message History

You are confused.
An orc comes into view. It is wielding a club.
You bump into the rock wall.
The orc wizard closely misses you.
You bump into the rock wall.
The orc shouts!
The orc wizard hits you with a dagger.
You're too confused to cast spells.
You bump into the rock wall.
The orc wizard hits you with a dagger.
The orc wizard gestures at you while chanting.
The magic dart hits you!
* * * LOW HITPOINT WARNING * * *
You feel less confused.
The orc wizard gestures at you while chanting.
You are confused.
The orc wizard gestures at you while chanting.
You are more confused.
You bump into the rock wall.
The orc wizard casts a spell at you. The magic dart hits you!
You die...

#.#
#.#
#.#
#.#
#o##
#..#
#o##
#.#
#@#
#.#
#.#
#.#
#.#
#.#
#.#
#.#
#.#


You could see an orc wizard and an orc.

Vanquished Creatures
  2 phantoms
  A scorpion (D:4)
  A howler monkey (D:4)
  A hound (D:4)
  An orc priest (D:5)
  3 jellies (D:3)
  4 worker ants
  2 gnolls (D:5)
  3 adders
  An ooze (D:3)
  2 worms
  5 dart slugs
  3 leopard geckos
  8 orcs
  4 giant cockroaches
  11 goblins
  7 hobgoblins
  An iguana (D:3)
  5 jackals
  6 kobolds
  A quokka (D:3)
  A ball python (D:3)
  7 bats
  8 frilled lizards
  A jackal skeleton (D:4)
  5 rats
94 creatures vanquished.

Notes
Turn   | Place    | Note
-------+----------+-------------------------------------------
     0 | D:1      | IceCat the Deep Elf Fire Elementalist began the quest for the Orb.
     0 | D:1      | Reached XP level 1. HP: 10/10 MP: 6/6
    82 | D:1      | Reached XP level 2. HP: 15/15 MP: 1/8
   147 | D:1      | Learned a level 2 spell: Throw Flame
   577 | D:1      | Reached XP level 3. HP: 19/19 MP: 7/10
   844 | D:2      | Found a bloodstained altar of Trog.
  1297 | D:3      | Reached XP level 4. HP: 21/24 MP: 7/12
  1564 | D:3      | Found a shimmering altar of Xom.
  1621 | D:3      | Reached XP level 5. HP: 24/28 MP: 5/14
  2035 | D:3      | Reached skill level 5 in Spellcasting
  2466 | D:4      | Reached XP level 6. HP: 27/32 MP: 10/16
  2654 | D:4      | Learned a level 5 spell: Fireball
  2754 | D:4      | Reached skill level 5 in Fire Magic
  3003 | D:4      | Found a glowing silver altar of Zin.
  3005 | D:4      | Found a sparkling altar of Nemelex Xobeh.
  3009 | D:4      | Found a basalt altar of Yredelemnul.
  3009 | D:4      | Found an opulent altar of Gozag.
  3009 | D:4      | Found a shadowy altar of Dithmenos.
  3010 | D:4      | Found a stormy altar of Qazlal.
  3010 | D:4      | Found a blossoming altar of Fedhas.
  3045 | D:4      | Found a staircase to the Ecumenical Temple.
  3054 | Temple   | Entered the Ecumenical Temple
  3084 | Temple   | Became a worshipper of Vehumet
  3345 | D:5      | Entered Level 5 of the Dungeon
  3406 | D:5      | Reached XP level 7. HP: 15/37 MP: 12/18
  3487 | D:5      | Found an ornate altar of the Wu Jian Council.
  3625 | D:5      | Killed from afar by an orc wizard

Skill      XL: |  1  2  3  4  5  6  7 |
---------------+----------------------+-----
Spellcasting   | 4 5 6 |  6.4
Fire Magic     | 4 5 6 |  6.0
Conjurations   | 2 3 4 |  4.4
Stealth        | 3 |  3.1
Dodging        | 3 |  3.0
Fighting       | |  0.4

Action                   |  1- 3 |  4- 6 |  7- 9 || total
-------------------------+-------+-------+-------++-------
Melee: Unarmed           |     1 |       |       ||     1
       Short sword       |     7 |       |    13 ||    20
 Cast: Flame Tongue      |    28 |    46 |     8 ||    82
       Throw Flame       |    33 |    79 |    15 ||   127
  Eat: Chunk             |     1 |     7 |     1 ||     9
Armor: Robe              |     4 |     3 |     3 ||    10
Dodge: Dodged            |    13 |     9 |     9 ||    31
